 Dungeon Crawl Stone Soup version 0.17.1-3-g152610e (webtiles) character file.

36 juanjsm the Sneak (level 3, 0/24 HPs)
             Began as a Spriggan Enchanter on Apr 14, 2016.
             Succumbed to an adder's poison
             ... on level 2 of the Dungeon.
             The game lasted 00:03:36 (1135 turns).

juanjsm the Sneak (Spriggan Enchanter)              Turns: 1135, Time: 00:03:36

Health: 0/24       AC: 21    Str:  4    XL:     3   Next: 19%
Magic:  3/8        EV:  4    Int: 17    God:
Gold:   125        SH:  0    Dex: 16    Spells: 3 memorised, 2 levels left

rFire  . . .     SeeInvis +     a - +1 dagger
rCold  . . .     Clarity  .     (armour currently unavailable)
rNeg   + + +     SustAt   .     (shield restricted)
rPois  +         Gourm    .     (helmet currently unavailable)
rElec  .         Spirit   .     (cloak currently unavailable)
rCorr  .         Warding  .     (gloves unavailable)
rMut   .         NoTele   +     (boots unavailable)
MR     .....                    (no amulet)
Stlth  ++++......               (no ring)
                                (no ring)

@: lethally poisoned (0 -> -3), tree-form, not resistant to hostile
enchantments, stealthy
A: unfitting armour, see invisible, herbivore 3, (speed 0), slow metabolism 2
a: no special abilities


You were on level 2 of the Dungeon.
You were not hungry.
You were a tree.
You visited 1 branch of the dungeon, and saw 2 of its levels.

You collected 125 gold pieces.

Inventory:

Hand Weapons
 a - a +1 dagger (weapon)
Armour
 b - a +1 robe (melded)
 m - a +0 cloak (melded)
Jewellery
 g - a cursed ring of teleportation {unknown}
Scrolls
 e - 2 scrolls of blinking {unknown}
 f - 2 scrolls of magic mapping {unknown}
 h - 2 scrolls of remove curse {unknown}
 i - a scroll of identify {unknown}
 k - 2 scrolls of teleportation {unknown}
 l - 2 scrolls of enchant weapon {unknown}
Potions
 n - a potion of curing {unknown}
Books
 c - a book of Maledictions

   Spells                             Type                      Level
   a - Corona                         Hexes                        1
   b - Ensorcelled Hibernation        Hexes/Ice                    2
   c - Confuse                        Hexes                        3
   d - Tukima's Dance                 Hexes                        3
   e - Dazzling Spray                 Conjuration/Hexes            3
Comestibles
 d - a bread ration
 o - a slice of pizza


   Skills:
 + Level 1.2 Short Blades
 + Level 3.2 Dodging
 + Level 4.9 Stealth
 + Level 3.4 Spellcasting
 + Level 4.2 Hexes


You had 2 spell levels left.
You knew the following spells:

 Your Spells              Type           Power        Failure   Level  Hunger
a - Corona                Hex            ###....      2%          1    None
b - Ensorcelled Hibernat  Hex/Ice        ##....       12%         2    ##.....
c - Confuse               Hex            ###.....     10%         3    ###....


Dungeon Overview and Level Annotations

Branches:
Dungeon (2/15)

Altars:


Innate Abilities, Weirdness & Mutations

You are tiny and cannot use many weapons and most armour.
You have supernaturally acute eyesight.
You are a herbivore.
((You cover ground extremely quickly.))
You need consume almost no food.


Message History

You feel sick. The adder barely misses you.
* * * LOW HITPOINT WARNING * * *
You feel sick.
* * * LOW HITPOINT WARNING * * *
You feel sick.
* * * LOW HITPOINT WARNING * * *
You feel sick.
* * * LOW HITPOINT WARNING * * *
You feel sick.
Drink which item? (? for menu, Esc to quit)
It was a potion of lignification.
You turn into a tree.
Your +0 cloak melds into your body.
Your +1 robe melds into your body.
Your roots penetrate the ground.
You are too injured to fight recklessly!
You closely miss the adder.
The adder is heavily wounded.
The adder bites you but does no damage. x2
You barely miss the adder.
The adder is heavily wounded.
You die...

############## #...#
#............# #...#
###............# #...#
#..............#####....
#.......................
#)...#....###..)...†....
#....#....# #..........# #####
#....#....###......(...# #...
+......♣S...............
####.#####....########..).......#
[.............# #..........#
####.#..#.....# #..........#
#.####.##### #.....[....# #.. ..#
############ ########


You could see an adder.

Vanquished Creatures
  An adder (D:2)
  A giant gecko (D:1)
  A giant cockroach (D:1)
  5 goblins
  6 hobgoblins
  3 kobolds (D:2)
  A ball python (D:1)
  2 giant newts (D:2)
  6 rats
26 creatures vanquished.

Notes
Turn   | Place    | Note
--------------------------------------------------------------
     0 | D:1      | juanjsm the Spriggan Enchanter began the quest for the Orb.
     0 | D:1      | Reached XP level 1. HP: 9/9 MP: 5/5
   199 | D:1      | Reached XP level 2. HP: 7/13 MP: 3/6
   203 | D:1      | Learned a level 2 spell: Ensorcelled Hibernation
  1047 | D:2      | Reached XP level 3. HP: 16/16 MP: 0/8
  1052 | D:2      | Learned a level 3 spell: Confuse
  1135 | D:2      | Succumbed to an adder's poison

Action                   || total
-------------------------++-------
Melee: Dagger            ||    71
 Cast: Corona            ||     8
       Ensorcelled Hiber ||    10
  Use: Potion            ||     1
 Stab: Sleeping          ||    15
       Distracted        ||     1
